 Dungeon Crawl Stone Soup version 0.14.1-26-g5a19342 (webtiles) character file.

110 Kae the Sneak (level 4, 0/21 HPs)
             Began as a Spriggan Enchanter on Aug 2, 2014.
             Succumbed to poison (a potion of poison)
             ... on Level 2 of the Dungeon.
             The game lasted 00:01:33 (1344 turns).

Kae the Sneak (Spriggan Enchanter)                  Turns: 1344, Time: 00:01:33

HP   0/21        AC  3     Str  5      XL: 4   Next:  8%
MP   2/14        EV 18     Int 16      God:
Gold 37          SH  0     Dex 16      Spells:  2 memorised,  7 levels left

rFire  . . .     SeeInvis +     a - +1 dagger
rCold  . . .     Clarity  .     b - +1 robe
rNeg   . . .     Conserve .     (shield restricted)
rPois  .         rCorr    .     (helmet restricted)
rElec  .         rRot     .     (no cloak)
SustAb . .       Spirit   .     (gloves unavailable)
rMut   .         Warding  .     (boots unavailable)
Saprov . . .     Stasis   .     (no amulet)
MR     .....                    (no ring)
                                (no ring)

@: lethally poisoned, very slightly contaminated, very quick, not resistant to
hostile enchantments, quite stealthy
A: unfitting armour, see invisible, herbivore 3, speed 3, slow metabolism 2
a: no special abilities


You were on level 2 of the Dungeon.
You were not hungry.

You visited 1 branch of the dungeon, and saw 2 of its levels.

You collected 37 gold pieces.

Inventory:

Hand weapons
 a - a +1,+1 dagger (weapon)
 i - a +0,+0 dagger
Missiles
 d - 12 darts (quivered)
Armour
 b - a +1 robe (worn)
Magical devices
 t - a wand of enslavement (11) {unknown}
Comestibles
 j - a choko
Scrolls
 f - 2 scrolls of remove curse {unknown}
 g - a scroll of fear {unknown}
 k - 2 scrolls of teleportation {unknown}
 p - a scroll of enchant armour {unknown}
 r - a scroll of identify {unknown}
Jewellery
 h - a +5 ring of intelligence {unknown}
 l - an uncursed ring of regeneration {unknown}
 s - an uncursed ring of regeneration {unknown}
Potions
 e - a potion of porridge
 m - a potion of cure mutation {unknown}
 n - a potion of agility {unknown}
 o - a potion of might {unknown}
Books
 c - a book of Maledictions

   Spells                             Type                      Level
   *Corona                            Hexes                        1
   Sure Blade                         Hexes/Charms                 2
   *Ensorcelled Hibernation           Hexes/Ice                    2
   Confuse                            Hexes                        3
   Enslavement                        Hexes                        4
   Invisibility                       Hexes                        6


   Skills:
 * Level 2.3 Short Blades
 - Level 1.1 Throwing
 - Level 3.0 Dodging
 * Level 4.6 Stealth
 + Level 3.5 Spellcasting
 + Level 4.1 Hexes


You had 7 spell levels left.
You knew the following spells:

 Your Spells              Type           Power        Failure   Level  Hunger
a - Corona                Hex            ###....      4%          1    None
b - Ensorcelled Hibernat  Hex/Ice        #.....       14%         2    ##.....


Dungeon Overview and Level Annotations

Branches:
Dungeon (2/15)

Altars:
Yredelemnul


Innate Abilities, Weirdness & Mutations

You are tiny and cannot use many weapons and most armour.
You have supernaturally acute eyesight.
You are a herbivore.
You cover ground extremely quickly.
You need consume almost no food.


Message History

Things that are here:
an adder corpse x2
* * * LOW HITPOINT WARNING * * *
You feel sick. The bat misses you. The bat hits you.
* * * LOW HITPOINT WARNING * * *
There is an open door here.
* * * LOW HITPOINT WARNING * * *
You feel sick. The bat misses you.
You see here a giant cockroach corpse.
You see here a club.
* * * LOW HITPOINT WARNING * * *
You feel sick. The bat hits you but does no damage. The bat misses you.
* * * LOW HITPOINT WARNING * * *
You feel sick. The bat completely misses you.
Drink which item? (? for menu, Esc to quit)
That liquid tasted very nasty...
You are more poisoned.
It was a potion of poison.
You die...

........'.......#
#########.......# #.......#
#......%#####
#.......).....
#####.........
#.....###+###. ####'###.#
#######+## #...@..(.###.##
.........# #...b....'.._..'
#.........###......(.######
#..(......'.#S)......#
#.....$...#S#.%......#
#?........#.#...........
#.........#.'..........g.
.........###.........##
.........# ######+####


You could see an adder and a bat.

Vanquished Creatures
  4 adders (D:2)
  A worm (D:1)
  A giant gecko (D:1)
  An ooze (D:1)
  2 giant cockroaches (D:2)
  6 goblins
  3 hobgoblins (D:1)
  2 jackals (D:1)
  A quokka (D:2)
  4 bats
  4 giant newts (D:1)
  2 kobolds
  3 rats
34 creatures vanquished.

Notes
Turn   | Place    | Note
--------------------------------------------------------------
     0 | D:1      | Kae, the Spriggan Enchanter, began the quest for the Orb.
     0 | D:1      | Reached XP level 1. HP: 9/9 MP: 4/4
   315 | D:1      | Reached XP level 2. HP: 13/13 MP: 7/7
   345 | D:1      | Learned a level 2 spell: Ensorcelled Hibernation
   756 | D:1      | Reached skill level 4 in Stealth
   756 | D:1      | Reached XP level 3. HP: 16/16 MP: 7/10
  1153 | D:2      | Found a basalt altar of Yredelemnul.
  1318 | D:2      | Reached XP level 4. HP: 15/21 MP: 5/14
  1343 | D:2      | HP: 1/21 [poisoned by an adder]
  1344 | D:2      | Succumbed to poison (a potion of poison)

Action                   |  1- 3 |  4- 6 || total
-------------------------+-------+-------++-------
Melee: Dagger            |   140 |     1 ||   141
 Cast: Corona            |     2 |       ||     2
       Ensorcelled Hiber |    19 |     2 ||    21
  Use: Potion            |       |     1 ||     1
 Stab: Sleeping          |    11 |       ||    11
